 Seeded DCSS version 0.32-a0-953-g508020473e (webtiles) character file.

Game seed: 202404164 (custom seed)

189 Orlauf the Slasher (level 5, -3/38 (41) HPs)
             Began as a Demonspawn Gladiator on Apr 16, 2024.
             Slain by an ogre
             ... wielding a +0 giant spiked club
              (24 damage)
             ... on level 4 of the Dungeon.
             The game lasted 00:03:59 (2586 turns).

Orlauf the Slasher (Demonspawn Gladiator)           Turns: 2586, Time: 00:04:00

HP:   -3/38 (41)    AC: 10    Str: 16    XL:     5   Next: 40%
MP:   5/5           EV:  7    Int:  8    God:
Gold: 178           SH:  0    Dex: 15    Spells: 4/4 levels left

rFire   . . .        a - +0 long sword
rCold   . . .        (no shield)
rNeg    . . .        k - +0 chain mail
rPois   .            c - +0 helmet
rElec   .            n - +0 cloak
rCorr   .            (no gloves)
SInv    .            (no boots)
Will    .....        (no amulet) Stlth
                     (no ring)
HPRegen 0.26/turn    (no ring)
MPRegen 0.09/turn

%: no passive effects
@: on berserk cooldown, slowed, drained, very slow
A: hooves 2, demonic guardian 1
a: no special abilities


You were on level 4 of the Dungeon.
You visited 1 branch of the dungeon, and saw 4 of its levels.

You collected 178 gold pieces.

Inventory:

Hand Weapons
 a - a +0 long sword (weapon)
 b - a +0 short sword
Missiles
 d - 2 throwing nets (quivered)
 e - 3 javelins
Armour
 c - a +0 helmet (worn)
 k - a +0 chain mail (worn)
 n - a +0 cloak (worn)
Wands
 f - a wand of charming (7)
 o - a wand of light (6)
Scrolls
 h - a scroll of blinking
Potions
 g - a potion of enlightenment
 i - a potion of brilliance
 j - a potion of degeneration {unknown}
 l - 2 potions of heal wounds
 p - a potion of might {unknown}


   Skills:
 + Level 3.6 Fighting
 * Level 4.8 Long Blades
 - Level 1.7 Throwing
 - Level 2.6 Dodging


You had 4 spell levels left.
You didn't know any spells.
Your spell library was empty.

Dungeon Overview and Level Annotations

Branches:
Dungeon (4/15)
 Temple: D:4-7

Altars:


Innate Abilities, Weirdness & Mutations

You have hoof-like feet.
A weak demonic guardian rushes to your aid.


Message History

You kill the kobold!
The ogre completely misses your quasit.
You see here an adder corpse.
You feel a strong urge to attack something.
Your quasit bites the ogre.
Your quasit closely misses the ogre.
Your quasit claws the ogre but does no damage.
You are no longer berserk.
You are exhausted.
You feel yourself slow down.
Your quasit bites the ogre.
Your quasit claws the ogre.
Your quasit claws the ogre but does no damage.
The ogre barely misses your quasit.
You see here an adder corpse.
Your quasit bites the ogre.
Your quasit claws the ogre but does no damage.
Your quasit barely misses the ogre. x3; Your quasit claws the ogre.
Your quasit closely misses the ogre.
Your quasit barely misses the ogre.
Your quasit claws the ogre but does no damage.
Throw: 3 throwing nets
Press: ? - help, Q - select action, (/) - cycle Shift-Dir - straight line, f - ogre
Aim: an ogre, wielding a +0 giant spiked club (moderately wounded, ally target, 72% to hit)
You throw a throwing net. The throwing net hits the ogre.
The ogre is caught in the net!
The ogre is moderately wounded.
Your quasit disappears in a puff of smoke!
The ogre struggles against the net. x2
The ogre struggles against the net.
Things that are here:
a +0 short sword; a +0 ring mail You strike the helpless ogre from behind!
You slash the ogre! You kick the ogre.
The ogre is severely wounded.
The ogre struggles against the net. x2
You hit the ogre.
The ogre is almost dead.
The ogre struggles against the net.
The net rips apart, and the ogre comes free!
The ogre hits you with a +0 giant spiked club!!
Ouch! That really hurt!
You die...

........##.# #
.........#.##.# .....
.......<....#.# .........
.....#........#............
########........##.........
###.####.##........
#.)...###.........
##....#.O).....#
###....@))....#
#.......†..##. ##.....†...#
#...#....## #...##...#
#..###....# #### ##.### ###


You could see an ogre.

Vanquished Creatures
  A bombardier beetle (D:3)
  Robin (D:3)
  4 adders
  3 dart slugs
  2 ribbon worms
  5 orcs
  8 ball pythons
  11 bats
  3 endoplasms
  2 giant cockroaches
  15 goblins
  9 hobgoblins
  4 jackals (D:3)
  3 quokkas
  3 frilled lizards
  7 kobolds
  4 rats
85 creatures vanquished.

Vanquished Creatures (collateral kills)
  3 orcs (D:4)
3 creatures vanquished.

Grand Total: 88 creatures vanquished

Notes
Turn   | Place    | Note
-------+----------+-------------------------------------------
     0 | D:1      | Orlauf the Demonspawn Gladiator began the quest for the
                  | Orb.
     0 | D:1      | Reached XP level 1. HP: 16/16 MP: 1/1
   132 | D:1      | Reached skill level 3 in Long Blades
   139 | D:1      | Gained mutation: A weak demonic guardian rushes to your
                  | aid. [demonic ancestry]
   139 | D:1      | Reached XP level 2. HP: 17/22 MP: 2/2
   727 | D:1      | Gained mutation: You have large cloven feet. [demonic
                  | ancestry]
   727 | D:1      | Reached XP level 3. HP: 24/28 MP: 3/3
   791 | D:1      | Found a faded altar of an unknown god.
  1600 | D:3      | Reached XP level 4. HP: 28/35 MP: 4/4
  1707 | D:3      | Reached skill level 4 in Long Blades
  1755 | D:3      | Noticed Robin
  1771 | D:3      | Killed Robin
  2008 | D:3      | Gained mutation: You have hoof-like feet. [demonic
                  | ancestry]
  2008 | D:3      | Reached XP level 5. HP: 38/41 MP: 5/5
  2535 | D:4      | Identified the +6 quarterstaff "Rueriuch" {flame, *Rage
                  | *Slow rN+++ rCorr}
  2573 | D:4      | Noticed an ogre
  2586 | D:4      | Slain by an ogre

Illustrated notes

Levels and vault maps discovered:
D:1:      heliophobic_arrival_glass_houses, layout_basic,
          ebering_ecumenical_altar_box
D:2:      layout_loops_ring
D:3:      corexii_shack_village, layout_basic, uniq_robin
D:4:      layout_cave_pools, lemuel_doored_altar, temple_doors_ab

Skill      XL: |  1  2  3  4 |
---------------+-------------+-----
Long Blades    | 3 4 |  4.8
Fighting       | 3 |  3.6
Throwing       | |  1.7
Dodging        | |  2.6

Action                     |  1- 3 |  4- 6 || total
---------------------------+-------+-------++-------
  Melee: Long sword        |   121 |    95 ||   216
         Kick              |    16 |    18 ||    34
  Throw: Throwing net      |       |     1 ||     1
    Use: Scroll            |     5 |     4 ||     9
         Potion            |       |     1 ||     1
   Stab: Held in net/web   |       |     1 ||     1
 Armour: Leather armour    |    96 |     2 ||    98
         Chain mail        |       |    89 ||    89
  Dodge: Dodged            |    91 |    38 ||   129

Table legend: (Time is in decaauts)
 A = Elapsed time spent in this place.
 B = Non-inter-level travel time spent in this place.
 C = Inter-level travel time spent in this place.
 D = Time resting spent in this place.
 E = Time spent auto-exploring this place.
 F = Levels seen in this place.
 G = Mean time per level.
                   A        B        C        D        E       F      G
               +--------+--------+--------+--------+--------+-----+--------+
         Total |   2629 |   2549 |     80 |    159 |   1797 |   4 |  657.2 |
       Dungeon |   2629 |   2549 |     80 |    159 |   1797 |   4 |  657.2 |
               +--------+--------+--------+--------+--------+-----+--------+

Top non-repeatable levels by time:
     D:3: 978 daAuts
     D:1: 893 daAuts
     D:2: 699 daAuts
     D:4: 58 daAuts
